 Dungeon Crawl Stone Soup version 0.18.1-50-g88ac8fd (webtiles) character file.

33 FloraKitsune the Chucker (level 3, 20/20 HPs)
             Began as a Kobold Arcane Marksman on Sept 21, 2016.
             Quit the game on level 1 of the Dungeon.
             The game lasted 00:03:21 (1712 turns).

FloraKitsune the Chucker (Kobold Arcane Marksman)   Turns: 1712, Time: 00:03:21

Health: 20/20      AC:  4    Str:  9    XL:     3   Next: 47%
Magic:  4/4        EV: 15    Int: 11    God:
Gold:   58         SH:  0    Dex: 16    Spells: 2 memorised, 1 level left

rFire  . . .     SeeInvis .     e - +0 dagger
rCold  . . .     Gourm    .     g - +2 robe {rN+}
rNeg   + . .     Faith    .     (shield restricted)
rPois  .         Spirit   .     (no helmet)
rElec  .         Dismiss  .     (no cloak)
rCorr  .         Reflect  .     (no gloves)
SustAt .         Harm     .     (no boots)
MR     .....                    (no amulet)
Stlth  +.........               (no ring)
                                (no ring)

@: not resistant to hostile enchantments, very unstealthy
A: carnivore 3
a: no special abilities


You were on level 1 of the Dungeon.
You were full.

You visited 1 branch of the dungeon, and saw 1 of its levels.

You collected 58 gold pieces.

Inventory:

Hand Weapons
 e - a +0 dagger (weapon)
Missiles
 c - 8 tomahawks (quivered)
 d - 2 throwing nets
Armour
 g - a +2 robe of positive energy (worn)
Scrolls
 i - a scroll of magic mapping {unknown}
 j - a scroll of amnesia {unknown}
Books
 b - a book of Debilitation

   Spells                             Type                      Level
   a - Corona                         Hexes                        1
   b - Slow                           Hexes                        2
   c - Gell's Gravitas                Hexes/Translocation          3
   d - Inner Flame                    Hexes/Fire                   3
   e - Cause Fear                     Hexes                        4
   f - Leda's Liquefaction            Hexes/Earth                  4
Comestibles
 f - a meat ration


   Skills:
 - Level 1.1 Fighting
 + Level 4.0 Throwing
 - Level 2.4 Dodging
 - Level 1.0 Spellcasting
 - Level 3.0 Hexes


You had one spell level left.
You knew the following spells:

 Your Spells              Type           Power        Failure   Level  Hunger
a - Corona                Hex            #......      12%         1    ##.....
b - Slow                  Hex            #.......     17%         2    ###....


Dungeon Overview and Level Annotations

Branches:
Dungeon (1/15)

Altars:


Innate Abilities, Weirdness & Mutations

You are small and have problems with some larger weapons.
You are carnivorous and can eat meat at any time.


Message History

You hit the hobgoblin.
You kill the hobgoblin!
No target in view!
No target in view!
No target in view!
No target in view!
You start resting.
HP restored.
Done exploring.
Done exploring.
Done exploring.
Done exploring.
No target in view!
No target in view!
Read which item? (? for menu, Esc to quit)
Okay, then.
Done exploring.
Done exploring.
Okay, then.
Are you sure you want to abandon this character and quit the game? (Confirm with "yes".)

......#.# #.#.## #####.# #.
......#.# #.#..###.....# #.
........## #..#..##...).###.
.........## ##.##.##.........
######....# #.##...####.#..#
##.#.###### #.####.........#
#.#......###.## ######.#.##
#....###...#..### #.#%.. #####
#.##.#####@##...## #)#.#. ....#
#.##..# #..###..# ##.#.#. ....#
#.###.## ##.####.# #....#. ....#
#.# #..# #......####....#.
....###.####.########............
....)...................###....#.
...>##..####...[...###...##...###
....##..##########.# ##..##.†.###
....###.....# #)## #........#


There were no monsters in sight!

Vanquished Creatures
  An adder (D:1)
  A dart slug (D:1)
  A giant gecko (D:1)
  A giant cockroach (D:1)
  4 goblins (D:1)
  4 hobgoblins (D:1)
  2 bats (D:1)
  A giant newt (D:1)
  4 kobolds (D:1)
  A rat (D:1)
20 creatures vanquished.

Notes
Turn   | Place    | Note
--------------------------------------------------------------
     0 | D:1      | FloraKitsune the Kobold Arcane Marksman began the quest for the Orb.
     0 | D:1      | Reached XP level 1. HP: 12/12 MP: 2/2
   354 | D:1      | Reached skill level 3 in Throwing
   354 | D:1      | Reached XP level 2. HP: 8/16 MP: 1/3
   711 | D:1      | Learned a level 2 spell: Slow
  1152 | D:1      | Reached XP level 3. HP: 7/20 MP: 4/4
  1484 | D:1      | Reached skill level 4 in Throwing
  1712 | D:1      | Quit the game

Skill      XL: |  1  2  3 |
---------------+----------+-----
Throwing       | 3 4 |  4.0
Fighting       | |  1.1
Dodging        | |  2.4
Spellcasting   | |  1.0
Hexes          | |  3.0

Action                   || total
-------------------------++-------
Melee: Dagger            ||   144
       Unarmed           ||    12
Throw: Tomahawk          ||     8
       Throwing net      ||     2
 Cast: Corona            ||     9
  Use: Potion            ||     2
  Eat: Chunk             ||     7
Armor: Robe              ||    34
Dodge: Dodged            ||   134
